 Dungeon Crawl Stone Soup version 0.19.1-1-g22dce08 (webtiles) character file.

3717 Alarkh the Grappler (level 10, -1/77 HPs)
             Began as a Ghoul Monk on Jan 14, 2017.
             Was an Elder of Okawaru.
             Slain by a black mamba (5 damage)
             ... on level 1 of the Lair of Beasts.
             The game lasted 00:11:00 (7585 turns).

Alarkh the Grappler (Ghoul Monk)                    Turns: 7585, Time: 00:11:01

Health: -1/77      AC: 13    Str: 16    XL:     10   Next: 14%
Magic:  7/9        EV: 15    Int:  8    God:    Okawaru [****..]
Gold:   452        SH:  3    Dex: 11    Spells: 0 memorised, 9 levels left

rFire  . . .     SeeInvis .       - Unarmed
rCold  + . .     Gourm    .     N - +2 leather armour {rPois}
rNeg   + + +     Faith    .     (no shield)
rPois  ∞         Spirit   .     s - +1 helmet
rElec  .         Reflect  +     v - +2 cloak
rCorr  .         Harm     .     P - +1 pair of gloves
MR     .....                    (no boots)
Stlth  ++++......               d - +3 amulet of reflection
                                f - ring of wizardry
                                r - ring of stealth

@: about to teleport, heroism, rotting
A: rotting body, claws 1, carnivore 3, cold resistance 1, negative energy
resistance 3, slow regeneration 1, torment resistance, unbreathing
a: Heroism, Renounce Religion


You were on level 1 of the Lair of Beasts.
You worshipped Okawaru.
Okawaru was greatly pleased with you.
You were not hungry.

You visited 3 branches of the dungeon, and saw 10 of its levels.
You also visited: Ossuary.

You collected 452 gold pieces.

Inventory:

Missiles
 g - a throwing net (quivered)
Armour
 a - a +0 robe
 o - a +0 ring mail
 s - a +1 helmet (worn)
 v - a +2 cloak (worn)
 N - a +2 leather armour of poison resistance (worn)
 P - a +1 pair of gloves (worn)
Magical Staves
 u - an uncursed staff of air
Jewellery
 d - a +3 amulet of reflection (around neck)
 f - a ring of wizardry (right hand)
 q - an uncursed amulet of guardian spirit
 r - a ring of stealth (left hand)
 M - an uncursed ring of ice
Wands
 e - a wand of slowing (22/48)
 D - a wand of digging (13/24)
 L - a wand of iceblast (3/15)
Scrolls
 i - 5 scrolls of remove curse
 n - 2 scrolls of fog
 p - a scroll of noise
 t - a scroll of random uselessness {unknown}
 w - a scroll of immolation
 x - 2 scrolls of amnesia
 y - a scroll of magic mapping
 C - a scroll of blinking
 E - a scroll of holy word {unknown}
 H - a scroll of identify {unknown}
 I - 3 scrolls of vulnerability {unknown}
Potions
 j - 8 potions of curing
 l - a potion of degeneration {unknown}
 m - a potion of magic {unknown}
 z - 2 potions of flight
 A - a potion of mutation {unknown}
 F - a potion of cure mutation {unknown}
 G - 3 potions of might
 J - a potion of brilliance {unknown}
 K - a potion of lignification {unknown}
Comestibles
 b - 4 meat rations
 c - 2 royal jellies
 h - a slice of pizza
 k - 5 beef jerkies
 O - 2 chunks of flesh


   Skills:
 + Level 3.4(8.4) Fighting
 + Level 0.6(5.6) Armour
 + Level 3.0(8.0) Dodging
 - Level 2.1(7.1) Stealth
 * Level 14.8(19.8) Unarmed Combat
 + Level 0.9 Invocations


You had 9 spell levels left.
You didn't know any spells.

Dungeon Overview and Level Annotations

Branches:
Dungeon (8/15)             Temple (1/1) D:4            Lair (1/6) D:8

Altars:
Ashenzari
Cheibriados
Dithmenos
Elyvilon
Fedhas
Gozag
Hepliaklqana
Kikubaaqudgha
Makhleb
Nemelex Xobeh
Okawaru
Qazlal
Ru
Sif Muna
Trog
Uskayaw
Vehumet
Xom
Yredelemnul
Zin
The Shining One


Innate Abilities, Weirdness & Mutations

Your body is rotting away.
You thrive on raw meat.
You are immune to poison.
You have sharp fingernails.
You are carnivorous and can eat meat at any time.
Your flesh is cold resistant. (rC+)
You are immune to negative energy. (rN+++)
You regenerate slowly when monsters are visible.
You are immune to unholy pain and torment.
You can survive without breathing.


Message History

The spriggan rider hits you with a spear!
* * * LOW HITPOINT WARNING * * *
The black mamba misses you. You block the water moccasin's attack.
You miss the spriggan rider.
The spriggan rider is heavily wounded.
The black mamba closely misses you. The water moccasin misses you.
The hippogriff bites the plant.
The hippogriff pecks the plant but does no damage.
The hippogriff claws the plant.
You block the spriggan rider's attack.
Unknown command.
As you read the scroll of teleportation, it crumbles to dust.
You feel strangely unstable. The black mamba closely misses you.
The water moccasin misses you. You block the black mamba's attack.
The hippogriff bites the bush but does no damage.
The hippogriff pecks the bush but does no damage.
The hippogriff claws the bush but does no damage.
The spriggan rider hits you with a spear!
* * * LOW HITPOINT WARNING * * *
The black mamba bites you.
You die...

### #########.### #
##......###..###### #
#♣%...♣♣............
#.♣...................
.♣.♣..P...P.P.♣.........
♣.$....@S.P..P.♣........
#.♣...P.S.PH%P..♣♣.......
♣....PP.8i...%..........
...P..8...%.8...P♣.>.....
#♣......P...............##
.%....................##
....8..."...8.......#
P%P..%..........
..%.8..%....P..


You could see a spriggan rider, a hippogriff, a black mamba and a water
moccasin.

Vanquished Creatures
  Grinder (D:4)
  Prince Ribbit (D:7)
  A dream sheep (D:8)
  A hungry ghost (D:8)
  Grum (D:8)
  Menkaure (D:7)
  A porcupine (Lair:1)
  A phantom (D:5)
  An ice beast (D:6)
  4 sky beasts
  A black bear (D:7)
  2 wolves (D:8)
  3 ogres
  A crocodile (D:7)
  A centaur (D:6)
  A big kobold (D:7)
  2 bullfrogs
  2 water moccasin zombies (Ossuary)
  A scorpion (D:8)
  2 howler monkeys
  2 bullfrog zombies (D:5)
  3 crimson imps
  A bullfrog skeleton (D:8)
  A hound (D:4)
  2 orc priests
  A centaur skeleton (D:4)
  A jelly (D:5)
  2 iguanas
  4 orc wizards
  7 worker ants
  A statue (D:6)
  2 big kobold zombies (Ossuary)
  2 mummies (Ossuary)
  Robin (D:4)
  3 gnolls (D:7)
  6 adders
  A shadow imp (D:7)
  2 oozes (D:1)
  8 adder zombies (Ossuary)
  3 worms
  A dart slug (D:1)
  4 leopard geckos
  20 orcs
  12 bats
  4 giant cockroaches
  19 goblins
  15 hobgoblins
  11 kobolds
  6 quokkas
  5 frilled lizards
  A giant cockroach zombie (D:6)
  2 gnoll zombies (Ossuary)
  3 hobgoblin zombies (Ossuary)
  A jackal zombie (D:8)
  7 kobold zombies (Ossuary)
  A leopard gecko skeleton (D:6)
  7 orc zombies (Ossuary)
  7 rats
208 creatures vanquished.

Notes
Turn   | Place    | Note
-------+----------+-------------------------------------------
     0 | D:1      | Alarkh the Ghoul Monk began the quest for the Orb.
     0 | D:1      | Reached XP level 1. HP: 19/19 MP: 0/0
   199 | D:1      | Reached XP level 2. HP: 23/26 MP: 1/1
   222 | D:1      | Reached skill level 4 in Unarmed Combat
   377 | D:1      | Found a sparkling altar of Nemelex Xobeh.
   402 | D:1      | Reached XP level 3. HP: 28/31 MP: 2/2
   678 | D:2      | Found an opulent altar of Gozag.
   781 | D:2      | Found a burning altar of Makhleb.
   797 | D:2      | Reached skill level 5 in Unarmed Combat
   797 | D:2      | Reached XP level 4. HP: 30/38 MP: 3/3
  1187 | D:2      | Found an iron altar of Okawaru.
  1195 | D:2      | Found a sparkling altar of Nemelex Xobeh.
  1201 | D:2      | Became a worshipper of Warmaster Okawaru
  1201 | D:2      | Reached * piety under Okawaru
  1201 | D:2      | Reached ** piety under Okawaru
  1213 | D:2      | Found a snail-covered altar of Cheibriados.
  1226 | D:2      | Found a glowing golden altar of the Shining One.
  1389 | D:3      | Reached skill level 6 in Unarmed Combat
  1465 | D:3      | Reached XP level 5. HP: 43/45 MP: 4/4
  1955 | D:3      | Found an ancient bone altar of Kikubaaqudgha.
  2000 | D:3      | Found a hazy altar of Hepliaklqana.
  2295 | D:4      | Noticed Robin
  2317 | D:4      | Killed Robin
  2328 | D:4      | Noticed Grinder
  2340 | D:4      | Paralysed by Grinder for 6 turns
  2354 | D:4      | Paralysed by Grinder for 7 turns
  2363 | D:4      | Killed Grinder
  2363 | D:4      | Reached skill level 8 in Unarmed Combat
  2363 | D:4      | Reached XP level 6. HP: 35/51 MP: 3/5
  2748 | D:4      | Found a staircase to the Ecumenical Temple.
  2762 | Temple   | Entered the Ecumenical Temple
  3053 | D:4      | Reached XP level 7. HP: 57/57 MP: 6/6
  3603 | D:5      | Entered Level 5 of the Dungeon
  3929 | D:5      | Reached skill level 9 in Unarmed Combat
  3953 | D:5      | Reached *** piety under Okawaru
  4177 | D:5      | Found a hide-covered altar of Uskayaw.
  4179 | D:5      | Noticed a hand axe
  4180 | D:5      | Noticed a hand axe
  4187 | D:5      | Reached skill level 10 in Unarmed Combat
  4187 | D:5      | Reached XP level 8. HP: 38/63 MP: 4/7
  4401 | D:5      | Found a shadowy altar of Dithmenos.
  4645 | D:6      | Reached skill level 11 in Unarmed Combat
  4694 | D:6      | Found a radiant altar of Vehumet.
  4942 | D:6      | Reached **** piety under Okawaru
  5091 | D:6      | Found a white marble altar of Elyvilon.
  5431 | D:7      | Reached skill level 12 in Unarmed Combat
  5436 | D:7      | Noticed Prince Ribbit
  5446 | D:7      | Killed Prince Ribbit
  5446 | D:7      | Reached XP level 9. HP: 60/70 MP: 8/8
  5576 | D:7      | Noticed Menkaure
  5581 | D:7      | Found a sand-covered staircase.
  5587 | Ossuary  | Entered an ossuary
  5613 | Ossuary  | Received a gift from Okawaru
  5692 | Ossuary  | Reached skill level 13 in Unarmed Combat
  5781 | D:7      | Killed Menkaure
  6875 | D:8      | Noticed Grum
  6878 | D:8      | Reached skill level 14 in Unarmed Combat
  6882 | D:8      | Found a staircase to the Lair.
  6928 | D:8      | Killed Grum
  7197 | D:8      | Reached XP level 10. HP: 70/77 MP: 9/9
  7539 | Lair:1   | Entered Level 1 of the Lair of Beasts
  7544 | Lair:1   | Reached ***** piety under Okawaru
  7568 | Lair:1   | Noticed a spriggan rider
  7572 | Lair:1   | Noticed a black mamba
  7584 | Lair:1   | HP: 3/77 [spriggan rider/spear (15)]
  7585 | Lair:1   | Slain by a black mamba

Skill      XL: |  1  2  3  4  5  6  7  8  9 10 |
---------------+-------------------------------+-----
Unarmed Combat | 4 5 6 8 10 12 14 | 14.8
Dodging        | 3 |  3.0
Fighting       | |  3.4
Armour         | |  0.6
Stealth        | |  2.1
Invocations    | |  0.9

Action                   |  1- 3 |  4- 6 |  7- 9 | 10-12 || total
-------------------------+-------+-------+-------+-------++-------
Melee: Unarmed           |    77 |   149 |   417 |    25 ||   668
       Punch             |     1 |     4 |    15 |     2 ||    22
Throw: Stone             |       |       |     3 |       ||     3
Invok: Heroism           |       |       |     1 |     1 ||     2
Evoke: Wand              |       |       |     1 |       ||     1
  Use: Potion            |       |     2 |     6 |       ||     8
       Scroll            |       |       |    10 |     1 ||    11
 Stab: Sleeping          |     3 |    13 |     7 |     1 ||    24
  Eat: Chunk             |     2 |    17 |    23 |       ||    42
Armor: Robe              |    10 |    23 |    36 |       ||    69
       Ring mail         |       |       |    87 |       ||    87
       Leather armour    |       |       |    20 |     7 ||    27
Dodge: Dodged            |    39 |    84 |   231 |    17 ||   371
Block: Other             |       |       |    24 |     4 ||    28
       Reflection        |       |       |     1 |       ||     1
